 Dungeon Crawl Stone Soup version 0.30.0-5-g1a98f26d00 (webtiles) character file.

Game seed: 16490129686814812762

88202 jasper the Severer (level 15, 0/147 HPs)
             Began as a Hill Orc Cinder Acolyte on May 8, 2023.
             Was an Elder of Lugonu.
             Slain by a white ugly thing (30 damage)
             ... on level 15 of the Dungeon.
             The game lasted 00:32:40 (24398 turns).

jasper the Severer (Hill Orc Cinder Acolyte)       Turns: 24398, Time: 00:32:40

Health: 0/147      AC: 23    Str: 25    XL:     15   Next: 93%
Magic:  22/24      EV: 14    Int: 14    God:    Lugonu [****..]
Gold:   907        SH:  0    Dex:  9    Spells: 13/16 levels left

rFire   . . .        A - +4 battleaxe (freeze)
rCold   . . .        (shield currently unavailable)
rNeg    + + +        S - +0 plate armour
rPois   +            o - +0 helmet
rElec   .            J - +0 cloak
rCorr   .            P - +1 pair of gloves of the Swamp {Dex+3}
SInv    .            l - +0 pair of boots
Will    ++...        t - amulet "Gaokhogu" {RegenMP *Corrode Fly rN+++ Will+} Stlth
                     r - ring of poison resistance
HPRegen 0.44/turn    V - +5 ring of evasion
MPRegen 0.59/turn

%: corrode self (3%)
@: flying, slowed, very slow
A: no striking features
a: Renounce Religion, Depart the Abyss, Banish, Corrupt


You were on level 15 of the Dungeon.
You worshipped Lugonu.
Lugonu was greatly pleased with you.
You visited 4 branches of the dungeon, and saw 22 of its levels.
You visited the Abyss 1 time.

You collected 1916 gold pieces.
You spent 1009 gold pieces at shops.

Inventory:

Hand Weapons
 A - a +4 battleaxe of freezing (weapon)
 H - a +2 dagger of distortion
Missiles
 b - 6 silver javelins
 j - 159 stones
 s - 4 throwing nets
 v - 12 boomerangs (quivered)
 K - 4 curare-tipped darts
 R - 61 poisoned darts
Armour
 c - a +2 scale mail of cold resistance
 l - a +0 pair of boots (worn)
 o - a +0 helmet (worn)
 J - a +0 cloak (worn)
 P - the +1 pair of gloves of the Swamp (worn) {Dex+3}
   (You found it on level 3 of the Lair of Beasts)

   Dex:       It affects your dexterity (+3).
 S - a +0 plate armour (worn)
Jewellery
 d - a ring of see invisible
 r - a ring of poison resistance (left hand)
 t - the amulet "Gaokhogu" (around neck) {RegenMP *Corrode Fly rN+++ Will+}
   (You bought it in a shop on level 2 of the Orcish Mines)

   [amulet of magic regeneration]

   It increases your rate of magic regeneration.
   rN:        It renders you almost immune to negative energy.
   Fly:       It grants you flight.
   *Corrode:  It may corrode you when you take damage.
   Will:      It increases your willpower.
 M - a ring of positive energy
 V - a +5 ring of evasion (right hand)
 W - a ring of fire
Wands
 m - a wand of polymorph (4)
 D - a wand of flame (63)
 G - a wand of light (10)
 I - a wand of charming (17)
 Q - a wand of iceblast (15)
Scrolls
 e - 2 scrolls of brand weapon {unknown}
 g - 2 scrolls of identify {unknown}
 h - a scroll of vulnerability {unknown}
 u - 2 scrolls of blinking {unknown}
 x - a scroll of poison {unknown}
Potions
 a - 3 potions of curing {unknown}
 f - a potion of attraction {unknown}
 i - a potion of heal wounds {unknown}
 k - a potion of magic {unknown}
 n - 2 potions of mutation {unknown}
 w - 5 potions of ambrosia
 z - a potion of lignification {unknown}
Miscellaneous
 p - a tin of tremorstones (inert)
 q - a lightning rod (1/4)
 X - a phial of floods


   Skills:
 + Level 17.0 Fighting
 - Level 20.0 Axes
 - Level 2.0 Throwing
 + Level 13.8 Armour
 + Level 6.5 Dodging
 - Level 1.0 Spellcasting
 - Level 3.2 Fire Magic
 * Level 12.7 Invocations
 - Level 6.0 Evocations


You had 13 spell levels left.
You knew the following spells:

 Your Spells              Type           Power      Damage    Failure   Level
a - Swiftness             Air            0%         N/A       99%         3

Your spell library contained the following spells:

 Spells                   Type           Power      Damage    Failure   Level
 Scorch                   Fire           18%        2d6       63%         2
 Freeze                   Ice            0%         1d3       90%         1
 Magic Dart               Conj           0%         1d3       90%         1
 Shock                    Conj/Air       0%         1d3       90%         1
 Call Imp                 Summ           0%         N/A       97%         2
 Call Canine Familiar     Summ           0%         N/A       99%         3
 Frozen Ramparts          Ice            0%         1d1       99%         3
 Hailstorm                Conj/Ice       0%         3d3       99%         3
 Mephitic Cloud           Conj/Pois/Air  0%         N/A       99%         3
 Ozocubu's Armour         Ice            0%         N/A       99%         3
 Portal Projectile        Hex/Tloc       0%         N/A       99%         3
 Summon Guardian Golem    Hex/Summ       0%         N/A       99%         3
 Tukima's Dance           Hex            0%         N/A       99%         3
 Airstrike                Air            0%         2d(0-16)  100%        4
 Leda's Liquefaction      Hex/Erth       0%         N/A       100%        4
 Passage of Golubria      Tloc           0%         N/A       100%        4
 Metabolic Englaciation   Hex/Ice        0%         N/A       100%        5
 Yara's Violent Unravell  Hex/Tmut       0%         3d3       100%        5
 Simulacrum               Ice/Necr       0%         N/A       100%        6
 Orb of Destruction       Conj           0%         9d5       100%        7
 Spellforged Servitor     Conj/Summ      0%         N/A       100%        7
 Borgnjor's Revivificati  Necr           0%         N/A       100%        8
 Necromutation            Tmut/Necr      0%         N/A       100%        8
 Death's Door             Necr           0%         N/A       100%        9


Dungeon Overview and Level Annotations

Branches:
Dungeon (13/15)            Temple (0/1) D:7            Lair (5/5) D:9
 Shoals (0/4) Lair:2       Spider (1/4) Lair:2        Slime (0/5) Lair:4
    Orc (2/2) D:9             Elf (0/3) Orc:2        Depths (0/4) D:15
 Vaults: D:13-14

Altars:
Ashenzari
Cheibriados
Dithmenos
Fedhas
Gozag
Hepliaklqana
Nemelex Xobeh
Okawaru
Qazlal
Ru
Trog
Uskayaw
Vehumet
Wu Jian
Zin
Beogh

Shops:
D:6 *   Orc:2 (!?==

Portals:
Bazaar: Orc:2
Trove: D:10 (give horn of Geryon)

Annotations:
Lair:1 exclusion: oklob plant


Message History

The freezing wraith hits you but does no damage. x2
You miss something. You slash the freezing wraith!
You closely miss the white ugly thing. The white ugly thing barely misses you.
The death knight hits you but does no damage.
Something hits you.
The freezing wraith hits you but does no damage. x2
The white ugly thing attacks as you move away!
The white ugly thing claws you but does no damage.
The death knight offers itself to Yredelemnul, and fills with unholy energy.
Something hits you but does no damage.
The freezing wraith hits you but does no damage. x2
You slash something! You freeze something.
You hit the freezing wraith but do no damage.
Something hits you but does no damage.
The freezing wraith barely misses you. x2
You barely miss something.
You hit the freezing wraith but do no damage.
The death knight hits you from afar with a +4 glaive!
You hear some strange, mumbled words.
The freezing wraith barely misses you. x2
The death knight invokes the aid of Yredelemnul against you.
Your body is wracked with pain!
The freezing wraith hits you but does no damage. x2
The death knight calls down the wrath of Yredelemnul upon you.
Your body is wracked with pain!
* * * LOW HITPOINT WARNING * * *
The freezing wraith hits you but does no damage.
The freezing wraith misses you.
You slice the freezing wraith!!
You destroy the freezing wraith!
Lugonu accepts your kill.
The death knight hits you but does no damage.
Press: ? - help, Shift-Dir - straight line, f - death knight
Aim: a death knight, wielding a +4 glaive and wearing a +0 chain mail (black smoke, reflecting injuries, chance to affect: 41%)
The death knight is devoured by a tear in reality.
Lugonu claims a new guest.
Your Fighting skill increases to level 17!
The white ugly thing misses you. The white ugly thing claws you!
* * * LOW HITPOINT WARNING * * *
The white ugly thing freezes you!!
You die...

..# #...≈≈≈≈#§§≈≈.......#... ...
#..§§#≈§≈≈≈#≈≈......+...
..########..≈§§§§..§≈§§.######...
###.........≈§≈§....≈≈≈.. #+##
....#####...§#≈..>..§#§§
..........#.§≈≈.....≈§≈§.
##........#.≈≈≈≈≈.≈≈≈§≈..
...########.≈§#§§§≈≈#§§.. ####
#..≈§§@§≈§§≈§.. ....
#...§§u≈.≈≈§§# ....
#...§§§§§.§.... ####
###...#........ .. #...#########
.. #...# ... #...# ... #...# ...
#...# ...


You could see a white ugly thing.

Vanquished Creatures
  An orc warlord (Orc:2)
  2 ogre magi (Orc:2)
  2 boulder beetles
  3 hydras
  6 centaur warriors
  8 death yaks
  A tengu warrior (D:9)
  A catoblepas (Lair:5)
  A deep troll shaman (Lair:5)
  13 two-headed ogres
  Sonja (Lair:3)
  Urug (D:11)
  A skyshark (Lair:2)
  5 skeletal warriors (D:12)
  2 deep trolls (Orc:2)
  A phantasmal warrior (D:15)
  Pikel (D:4)
  3 lindwurms
  An orc knight (Orc:2)
  A deep elf pyromancer (D:15)
  An orc sorcerer (Orc:2)
  3 ugly things (D:15)
  6 cyclopes
  A centaur zombie (Abyss:3)
  27 elephants
  4 black mambas (Lair:5)
  Joseph (D:7)
  2 water nymphs (Lair:2)
  13 cane toads
  4 rime drakes
  2 freezing wraiths (D:15)
  6 kobold demonologists
  A tengu conjurer (D:9)
  An efreet (D:12)
  4 komodo dragons
  A queen bee (D:13)
  3 meliai (D:13)
  5 polar bears
  16 trolls
  A wind drake (shapeshifter) (D:13)
  9 blink frogs
  6 dream sheep (Lair:5)
  Sigmund (D:4)
  5 slime creatures
  44 yaks
  A wyvern (D:9)
  3 wraiths
  3 shadows
  A vampire (D:12)
  Eustachio (D:6)
  4 basilisks
  A steam dragon (D:7)
  3 wargs
  Edmund (D:6)
  17 water moccasins
  Duvessa (D:4)
  A sky beast (D:7)
  18 orc warriors
  21 ogres
  4 boggarts (D:15)
  A black bear (Lair:5)
  6 wolves (Lair:5)
  17 centaurs
  A lemure (D:4)
  10 kobold brigands
  14 bullfrogs
  A gnoll sergeant (D:5)
  Dowan (D:4)
  13 wights
  26 killer bees
  6 howler monkeys
  5 electric eels (D:12)
  7 jellies
  10 orc priests
  2 gnoll boudas (D:6)
  2 hounds
  2 sleepcaps
  3 iguanas
  15 orc wizards
  20 gnolls
  12 adders
  A shadow imp (D:7)
  2 white imps (D:6)
  2 ufetubi
  A worm (D:2)
  A dart slug (D:5)
  65 orcs
  2 endoplasms
  7 giant cockroaches
  7 hobgoblins
  7 jackals
  3 quokkas
  10 ball pythons
  A bat (D:1)
  2 frilled lizards
  6 goblins
  20 kobolds
  7 rats
620 creatures vanquished.

Vanquished Creatures (others)
  An orc (D:12)
1 creature vanquished.

Grand Total: 621 creatures vanquished

Notes
Turn   | Place    | Note
-------+----------+-------------------------------------------
     0 | D:1      | jasper the Hill Orc Cinder Acolyte began the quest for the
                  | Orb.
     0 | D:1      | Reached XP level 1. HP: 19/19 MP: 2/2
   428 | D:1      | Reached XP level 2. HP: 8/26 MP: 3/3
  1031 | D:2      | Reached skill level 5 in Axes
  1132 | D:2      | Reached XP level 3. HP: 25/31 MP: 4/4
  1135 | D:2      | Reached skill level 6 in Axes
  1229 | D:2      | Reached XP level 4. HP: 20/39 MP: 5/5
  1581 | D:2      | Found a faded altar of an unknown god.
  1883 | D:3      | Reached skill level 7 in Axes
  2082 | D:3      | Reached XP level 5. HP: 45/45 MP: 6/6
  2113 | D:3      | Found an opulent altar of Gozag.
  2154 | D:3      | Reached skill level 8 in Axes
  2186 | D:3      | Reached XP level 6. HP: 26/51 MP: 7/7
  2321 | D:3      | Reached skill level 9 in Axes
  3272 | D:4      | Reached skill level 10 in Axes
  3272 | D:4      | Reached XP level 7. HP: 56/58 MP: 8/8
  3280 | D:4      | Reached skill level 1 in Armour
  3429 | D:4      | Noticed Sigmund
  3451 | D:4      | Killed Sigmund
  3615 | D:4      | Noticed Duvessa
  3615 | D:4      | Noticed Dowan
  3622 | D:4      | Killed Dowan
  3623 | D:4      | Killed Duvessa
  3687 | D:4      | Reached XP level 8. HP: 67/67 MP: 9/9
  3701 | D:4      | Noticed Pikel
  3711 | D:4      | Killed Pikel
  3712 | D:4      | Reached skill level 5 in Fighting
  3712 | D:4      | Reached skill level 11 in Axes
  4094 | D:5      | Entered Level 5 of the Dungeon
  4595 | D:5      | Reached skill level 12 in Axes
  4695 | D:5      | Found a bloodstained altar of Trog.
  4699 | D:5      | Found a blossoming altar of Fedhas.
  4878 | D:5      | Reached skill level 1 in Throwing
  5041 | D:5      | Found a hazy altar of Hepliaklqana.
  5300 | D:6      | Found an iron altar of Okawaru.
  5399 | D:6      | Reached XP level 9. HP: 26/75 MP: 10/10
  5607 | D:6      | Noticed Edmund
  5618 | D:6      | Killed Edmund
  5821 | D:6      | Found a snail-covered altar of Cheibriados.
  6054 | D:6      | Found Animeg's Fire Supplies.
  6060 | D:6      | Bought a scroll of immolation for 48 gold pieces
  6077 | D:6      | Noticed Eustachio
  6092 | D:6      | Killed Eustachio
  6093 | D:6      | Reached skill level 13 in Axes
  6093 | D:6      | Reached skill level 5 in Armour
  6344 | D:7      | Reached skill level 1 in Evocations
  6423 | D:7      | Noticed a kobold demonologist
  6429 | D:7      | Killed a kobold demonologist
  6432 | D:7      | Noticed a kobold demonologist
  6437 | D:7      | Noticed a rust devil
  6437 | D:7      | Killed a kobold demonologist
  6438 | D:7      | Reached skill level 5 in Evocations
  6452 | D:7      | Noticed a kobold demonologist
  6455 | D:7      | Noticed a kobold demonologist
  6456 | D:7      | Noticed a smoke demon
  6464 | D:7      | Killed a kobold demonologist
  6468 | D:7      | Killed a kobold demonologist
  6469 | D:7      | Reached XP level 10. HP: 84/86 MP: 11/11
  6799 | D:7      | Found a staircase to the Ecumenical Temple.
  6936 | D:7      | Noticed Joseph
  6949 | D:7      | Killed Joseph
  7193 | D:7      | Reached skill level 14 in Axes
  7294 | D:7      | Found the +7 Throatcutter {drain, coup de grace}
  7722 | D:8      | Found a radiant altar of Vehumet.
  7722 | D:8      | Found a shadowy altar of Dithmenos.
  7722 | D:8      | Found a stormy altar of Qazlal.
  7722 | D:8      | Found a sacrificial altar of Ru.
  7865 | D:8      | Found a broken altar of Ashenzari.
  7943 | D:8      | Reached skill level 15 in Axes
  8395 | D:9      | Noticed a tengu warrior
  8412 | D:9      | Killed a tengu warrior
  8413 | D:9      | Reached XP level 11. HP: 44/97 MP: 12/12
  8559 | D:9      | Found a staircase to the Lair.
  8658 | D:9      | Found a staircase to the Orcish Mines.
  8676 | D:9      | Found a roughly hewn altar of Beogh.
  9181 | D:9      | Reached skill level 16 in Axes
  9210 | D:9      | Found a hide-covered altar of Uskayaw.
  9465 | D:10     | Entered Level 10 of the Dungeon
  9465 | D:10     | Noticed a two-headed ogre
  9547 | D:10     | Found a sparkling altar of Nemelex Xobeh.
  9626 | D:10     | Noticed a centaur warrior
  9633 | D:10     | Killed a centaur warrior
  9902 | D:10     | Killed a two-headed ogre
  9973 | D:10     | Found a glowing silver altar of Zin.
  9989 | D:10     | Noticed a two-headed ogre
  9998 | D:10     | Killed a two-headed ogre
  9999 | D:10     | Reached skill level 10 in Fighting
 10128 | D:10     | Found a portal to a secret trove of treasure.
 10165 | D:10     | Reached skill level 17 in Axes
 10337 | D:10     | Found an ornate altar of the Wu Jian Council.
 10682 | D:11     | Reached XP level 12. HP: 92/107 MP: 13/13
 10951 | Orc:1    | Entered Level 1 of the Orcish Mines
 11074 | D:11     | Noticed Urug
 11084 | D:11     | Killed Urug
 11085 | D:11     | Reached skill level 18 in Axes
 12465 | D:12     | Noticed a boulder beetle
 12483 | D:12     | Killed a boulder beetle
 12484 | D:12     | Reached skill level 10 in Armour
 12708 | D:12     | Reached skill level 19 in Axes
 13174 | Lair:1   | Entered Level 1 of the Lair of Beasts
 13250 | Orc:1    | Noticed a two-headed ogre
 13258 | Orc:1    | Killed a two-headed ogre
 13344 | Orc:1    | Reached XP level 13. HP: 102/118 MP: 14/14
 13575 | Orc:2    | Entered Level 2 of the Orcish Mines
 13954 | Orc:2    | Found a staircase to the Elven Halls.
 13958 | Orc:2    | Noticed an orc warlord
 14036 | Orc:2    | Reached skill level 20 in Axes
 14105 | Orc:2    | Killed an orc warlord
 14111 | Orc:2    | Reached skill level 1 in Dodging
 14353 | Orc:2    | Found a gateway to a bazaar.
 14835 | Orc:2    | Found Oxaaxoasao's Distillery.
 14844 | Orc:2    | Found Dumie's Antique Weapon Boutique.
 14859 | Orc:2    | Found Adirchob's Magic Scroll Shoppe.
 14888 | Orc:2    | Found Getuvupe's Jewellery Shop.
 14896 | Orc:2    | Bought a ring of poison resistance for 240 gold pieces
 14901 | Orc:2    | Found Ucotixke's Jewellery Shop.
 14978 | Orc:2    | Bought the amulet "Gaokhogu" {RegenMP *Corrode Fly rN+++
                  | Will+} for 721 gold pieces
 15055 | Orc:2    | Found a roughly hewn altar of Beogh.
 15695 | Orc:1    | Reached XP level 14. HP: 116/133 MP: 15/15
 16106 | Lair:1   | Found a glowing silver altar of Zin.
 16800 | Lair:2   | Reached skill level 15 in Fighting
 16862 | Lair:2   | Learned a level 3 spell: Swiftness
 17489 | Lair:2   | Found a staircase to the Shoals.
 17530 | Lair:2   | Found a hole to the Spider Nest.
 17973 | Spider:1 | Entered Level 1 of the Spider Nest
 18263 | Lair:3   | Noticed Sonja
 18265 | Lair:3   | Killed Sonja
 18596 | Lair:3   | Reached skill level 5 in Dodging
 18732 | Abyss:3  | Cast into level 3 of the Abyss (unwielding a weapon of
                  | distortion)
 18782 | Abyss:3  | Found a corrupted altar of Lugonu.
 18790 | Abyss:3  | Fell from the grace of Ignis
 18790 | Abyss:3  | Became a worshipper of Lugonu the Unformed
 18790 | Abyss:3  | Reached * piety under Lugonu
 18790 | Abyss:3  | Reached ** piety under Lugonu
 18792 | Lair:3   | Escaped the Abyss
 18825 | Lair:3   | Reached skill level 1 in Invocations
 19161 | Lair:3   | Identified the +1 pair of gloves of the Swamp {Dex+3}
 19732 | Lair:4   | Reached skill level 5 in Invocations
 19859 | Lair:4   | Found a staircase to the Slime Pits.
 20455 | Lair:5   | Entered Level 5 of the Lair of Beasts
 20882 | Lair:5   | Reached XP level 15. HP: 144/144 MP: 21/21
 20896 | Lair:5   | Reached *** piety under Lugonu
 21178 | Lair:5   | Reached skill level 10 in Invocations
 23060 | D:13     | Reached **** piety under Lugonu
 23367 | D:13     | You are sucked into a shaft and drop 2 floors!
 23367 | D:15     | Entered Level 15 of the Dungeon
 23632 | D:15     | Found a staircase to the Depths.
 23632 | D:15     | Noticed a fire giant
 23633 | D:15     | Banished a fire giant
 23942 | D:15     | Was forgiven by Ignis
 23972 | D:15     | Found a radiant altar of Vehumet.
 24398 | D:15     | Slain by a white ugly thing

Illustrated notes

Levels and vault maps discovered:
D:1:      lightli_arrival_statuegarden, layout_loops_corners
D:2:      layout_loops_ring, hellmonk_ecumenical_altar_run_dry,
          minmay_diced_spiral
D:3:      layout_basic, mainiacjoe_overflow_concentric_impassable,
          gup_sewer_entry_spiral
D:4:      layout_rooms, uniq_pikel, uniq_duvessa, uniq_sigmund
D:5:      layout_loops_corners, nicolae_hepliaklqana_hippocampus,
          jmf_multi_god_temple, eino_small_chamber_without_monster,
          chequers_serial_rivers_large_b
D:6:      layout_rooms, kennysheep_mini, overflow_temple_1_default,
          serial_glass, glass_columns_a, glass_columns_b, glass_columns_a,
          nicolae_shop_fire_sale [nicolae_sub_dead_trees], uniq_edmund,
          uniq_eustachio
D:7:      layout_basic, temple_green, enter_bailey_4,
          dilly_guarded_unrand_throatcut, uniq_joseph
D:8:      layout_loops_ring, grunt_temple_overflow_cloverleaf,
          lemuel_doored_altar
D:9:      layout_loops_ring, mainiacjoe_overflow_boulevard, lair_entry_dummy,
          minmay_orc_entry_temple_small
D:10:     layout_gridville, zin_statuary, kennysheep_mini_moat,
          mainiacjoe_overflow_brackets, enter_trove_2
D:11:     layout_irregular_city, uniq_urug
D:12:     layout_basic
D:13:     layout_basic, david_vaults_5, special_room [special_room_bee],
          hangedman_abyss_or_decor_jellyfish_corner, nemelex_lonely_heart_becter
D:15:     grunt_enter_depths_giant_problem, layout_stronghold,
          nicolae_vehumet_altar_sigil
Lair:1:   layout_chaotic_city, basic_altar, minmay_lair_oklob_items,
          serial_bayou_pond_e
Lair:2:   layout_layer_cave, nicolae_shoals_entry_flooding, dummy_spider_entry
Lair:3:   layout_gridlike, serial_bayou_crossing, uniq_sonja
Lair:4:   layout_loops_ring, nicolae_slime_entry_field_trip, grunt_megastairs_5
Lair:5:   grunt_lair_end_beastmaster, layout_small_grid, st_stairs_3,
          lemuel_old_faithful
Spider:1: layout_spider_delve, gammafunk_ghost_berserking_beasts, uniq_donald
Orc:1:    layout_diamond_mine
Orc:2:    st_orc_open, layout_caves, serial_shops, statue_bzr, basic_altar,
          minmay_shop_enchanted_jewellery

Skill      XL: |  1  2  3  4  5  6  7  8  9 10 11 12 13 14 15 |
---------------+----------------------------------------------+-----
Axes           | 5 6 7 8 10 12 13 15 17 19 20 | 20.0
Armour         | 2 4 5 7 9 10 12 13 | 13.8
Fighting       | 4 6 7 9 10 12 14 16 17 | 17.0
Throwing       | 1 2 |  2.0
Evocations     | 6 |  6.0
Dodging        | 3 5 6 |  6.5
Invocations    | 9 12 | 12.7
Spellcasting   | |  1.0
Fire Magic     | |  3.2

Action                     |  1- 3 |  4- 6 |  7- 9 | 10-12 | 13-15 || total
---------------------------+-------+-------+-------+-------+-------++-------
  Melee: Hand axe          |    75 |    72 |       |       |       ||   147
         Punch             |     1 |     1 |       |       |       ||     2
         Battleaxe         |       |    31 |   195 |   464 |   815 ||  1505
  Throw: Stone             |     3 |     6 |       |       |       ||     9
         Boomerang         |       |    14 |    30 |    38 |   106 ||   188
         Dart              |       |       |       |     8 |       ||     8
 Invoke: Fiery Armour      |     2 |     3 |     3 |     1 |     2 ||    11
         Depart the Abyss  |       |       |       |       |     1 ||     1
         Banish            |       |       |       |       |     3 ||     3
  Evoke: Wand              |       |       |       |     9 |     1 ||    10
         Lightning rod     |       |       |       |     4 |    12 ||    16
         Tin of tremorston |       |       |       |     2 |     4 ||     6
   Stab: Petrified         |       |       |       |       |     8 ||     8
         Petrifying        |       |       |       |       |     2 ||     2
 Armour: Robe              |    17 |     5 |       |       |       ||    22
         Chain mail        |       |    38 |    89 |     6 |       ||   133
         Plate armour      |       |       |       |   236 |   468 ||   704
  Dodge: Dodged            |    41 |    39 |    47 |   180 |   526 ||   833
